 Dungeon Crawl Stone Soup version 0.24.0-5-g267a8d59f4 (webtiles) character file.

Game seed: 10011838867545267771, levelgen mode: classic

480202 EnegeticOcto the Warrior (level 23, -8/190 HPs)
             Began as a Mummy Warper on Oct 28, 2019.
             Was a High Priest of Wu Jian.
             Mangled by a spriggan berserker
             ... wielding a +0 quarterstaff
             ... led by a spriggan defender
              (14 damage)
             ... on level 5 of the Depths on Nov 1, 2019.
             The game lasted 01:49:52 (76600 turns).

EnegeticOcto the Warrior (Mummy Warper)            Turns: 76600, Time: 01:49:53

Health: -8/190     AC: 31    Str: 24    XL:     23   Next: 69%
Magic:  37/37      EV: 17    Int: 18    God:    Wu Jian [*****.]
Gold:   3303       SH: 21    Dex: 15    Spells: 7/42 levels left

rFire    + . .     SeeInvis +   b - +9 double sword (elec)
rCold    + + .     Gourm    .   f - +2 shield
rNeg     + + +     Faith    .   J - +9 plate armour "Ataasat" {rN+++ Int+4 Dex-2 SInv}
rPois    ∞         Spirit   .   E - +0 helmet
rElec    +         Reflect  +   k - scarf {rC+ rF+}
rCorr    .         Harm     .   L - +2 pair of gloves
MR       +++..                  u - +1 pair of boots
Stlth    ..........             l - +5 amulet of reflection
HPRegen  0.41/turn              G - ring of Kusam {rN+ MR+ EV+4 Str+5}
MPRegen  0.25/turn              F - ring "Xaratuol" {Wiz rElec rF+ Str+2}

@: exhausted, glowing, heavenly storm
A: no food or potions, fire vulnerability, cold resistance 1, negative energy
resistance 3, torment resistance, unbreathing, in touch with death 1
}: 2/15 runes: serpentine, barnacled
a: Wall Jump, Serpent's Lash, Heavenly Storm, Renounce Religion


You were on level 5 of the Depths.
You worshipped Wu Jian.
Wu Jian was extremely pleased with you.
You were not hungry.

You visited 9 branches of the dungeon, and saw 44 of its levels.
You visited 1 bazaar.
You also visited: Volcano and Wizlab.

You collected 4957 gold pieces.
You spent 1654 gold pieces at shops.

Inventory:

Hand Weapons
 a - a +8 quick blade of piercing
 b - a +9 double sword of electrocution (weapon)
 K - a +0 short sword of distortion
Missiles
 q - 4 throwing nets (quivered) {!f}
 w - 9 curare-tipped darts
Armour
 c - a scarf of cloud immunity
 f - a +2 shield (worn)
 k - a scarf of resistance (worn)
 u - a +1 pair of boots (worn)
 D - the +1 plate armour "Cociefol" {+Fly Dex+5}
   (You found it on level 1 of the Lair of Beasts)

   It affects your dexterity (+5).
   It lets you fly.
 E - a +0 helmet (worn)
 J - the +9 plate armour "Ataasat" (worn) {rN+++ Int+4 Dex-2 SInv}
   (You found it on level 1 of the Lair of Beasts)

   It affects your intelligence (+4).
   It affects your dexterity (-2).
   It renders you almost immune to negative energy.
   It lets you see invisible.
 L - a +2 pair of gloves (worn)
Jewellery
 l - a +5 amulet of reflection (around neck)
 m - a +5 ring of evasion
 C - a +4 ring of slaying
 F - the ring "Xaratuol" (right hand) {Wiz rElec rF+ Str+2}
   (You bought it in a shop on level 1 of the Snake Pit)

   [ring of wizardry]

   It improves your spell success rate.
   It affects your strength (+2).
   It protects you from fire.
   It insulates you from electricity.
 G - the ring of Kusam (left hand) {rN+ MR+ EV+4 Str+5}
   (You took it off a deep elf sorcerer on level 3 of the Elven Halls)

   [ring of evasion]

   It affects your evasion (+4).
   It affects your strength (+5).
   It protects you from negative energy.
   It affects your resistance to hostile enchantments.
Wands
 e - a wand of disintegration (44)
 o - a wand of digging (23)
 t - a wand of iceblast (19)
 v - a wand of acid (4)
 x - a wand of polymorph (23)
 y - a wand of enslavement (22)
 H - a wand of scattershot (2)
 N - a wand of flame (25)
Scrolls
 d - 5 scrolls of blinking {@r4}
 g - 19 scrolls of teleportation {@r3 !r}
 h - 31 scrolls of remove curse {@r2}
 i - 5 scrolls of noise
 j - 4 scrolls of fear {!r}
 n - 10 scrolls of enchant armour
 p - 9 scrolls of immolation
 r - 8 scrolls of magic mapping {@r5 !r}
 s - 6 scrolls of amnesia
 z - a scroll of enchant weapon
 A - 13 scrolls of identify {@r1}
 B - 3 scrolls of vulnerability
 I - 5 scrolls of fog {!r}
 O - a scroll of torment
Miscellaneous
 Q - a lamp of fire
 R - a fan of gales


   Skills:
 - Level 18.0 Fighting
 - Level 0.3(10.7) Short Blades
 - Level 16.0 Long Blades
   Level 1.5 Polearms
 - Level 0.7 Throwing
 + Level 10.6 Armour
 + Level 10.6 Dodging
 - Level 8.0 Stealth
 - Level 15.0 Shields
 - Level 10.0 Spellcasting
 - Level 7.0 Hexes
 - Level 10.0 Charms
 - Level 8.0 Summonings
 + Level 4.5 Necromancy
 - Level 8.0 Translocations
 - Level 8.0 Air Magic
 + Level 3.7 Earth Magic
 + Level 6.4 Evocations


You had 7 spell levels left.
You knew the following spells:

 Your Spells              Type           Power        Failure   Level  Hunger
a - Apportation           Tloc           #####.       1%          1    N/A
b - Confusing Touch       Hex            ####..       1%          1    N/A
c - Song of Slaying       Chrm           #####...     1%          2    N/A
d - Deflect Missiles      Chrm/Air       #####.....   75%         6    N/A
e - Passage of Golubria   Tloc           N/A          12%         4    N/A
f - Summon Lightning Spi  Summ/Air       #####...     12%         4    N/A
g - Silence               Hex/Air        #####.....   38%         5    N/A
h - Summon Mana Viper     Hex/Summ       #####...     38%         5    N/A
M - Borgnjor's Vile Clut  Necr/Erth      #####.....   83%         5    N/A
Y - Blink                 Tloc           N/A          1%          2    N/A

Your spell library contained the following spells:

 Spells                   Type           Power        Failure   Level  Hunger
 Corona                   Hex            ####...      1%          1    N/A
 Infusion                 Chrm           ####         1%          1    N/A
 Summon Butterflies       Summ           #####...     1%          1    N/A
 Summon Small Mammal      Summ           ####         1%          1    N/A
 Call Imp                 Summ           #####...     1%          2    N/A
 Shroud of Golubria       Chrm/Tloc      #####.       1%          2    N/A
 Swiftness                Chrm/Air       #####...     1%          2    N/A
 Slow                     Hex            ####....     2%          2    N/A
 Spectral Weapon          Hex/Chrm       #####...     3%          3    N/A
 Call Canine Familiar     Summ           #####...     4%          3    N/A
 Gell's Gravitas          Tloc           #####.....   4%          3    N/A
 Lesser Beckoning         Tloc           #####.....   4%          3    N/A
 Portal Projectile        Hex/Tloc       #####.       4%          3    N/A
 Recall                   Summ/Tloc      N/A          4%          3    N/A
 Summon Guardian Golem    Hex/Summ       #####...     4%          3    N/A
 Teleport Other           Tloc           #####...     4%          3    N/A
 Animate Skeleton         Necr           N/A          5%          1    N/A
 Pain                     Necr           ####         5%          1    N/A
 Shock                    Conj/Air       ###.         6%          1    N/A
 Tukima's Dance           Hex            ####....     6%          3    N/A
 Corpse Rot               Necr           N/A          9%          2    N/A
 Ensorcelled Hibernation  Hex/Ice        ###...       12%         2    N/A
 Airstrike                Air            #####.....   12%         4    N/A
 Ozocubu's Armour         Chrm/Ice       ####....     13%         3    N/A
 Vampiric Draining        Necr           #####.....   16%         3    N/A
 Static Discharge         Conj/Air       ###.....     19%         3    N/A
 Cause Fear               Hex            ####......   19%         4    N/A
 Dazzling Spray           Conj/Hex       ###...       24%         3    N/A
 Inner Flame              Hex/Fire       ###.....     24%         3    N/A
 Flame Tongue             Conj/Fire      #....        32%         1    N/A
 Freeze                   Ice            #...         32%         1    N/A
 Magic Dart               Conj           #...         32%         1    N/A
 Aura of Abjuration       Summ           #####.....   32%         5    N/A
 Summon Demon             Summ           #####.....   32%         5    N/A
 Summon Forest            Summ/Tloc      #####.....   32%         5    N/A
 Leda's Liquefaction      Hex/Erth       ####......   34%         4    N/A
 Stone Arrow              Conj/Erth      ###...       41%         3    N/A
 Excruciating Wounds      Chrm/Necr      ######....   41%         5    N/A
 Searing Ray              Conj           #.....       43%         2    N/A
 Sticks to Snakes         Tmut           #.......     43%         2    N/A
 Throw Flame              Conj/Fire      #.....       43%         2    N/A
 Throw Frost              Conj/Ice       #.....       43%         2    N/A
 Animate Dead             Necr           N/A          45%         4    N/A
 Force Lance              Conj/Tloc      ###.....     52%         4    N/A
 Summon Ice Beast         Ice/Summ       ###.....     52%         4    N/A
 Fulminant Prism          Conj/Hex       ###.......   58%         4    N/A
 Conjure Flame            Conj/Fire      #.......     65%         3    N/A
 Agony                    Necr           #####...     78%         5    N/A
 Dispel Undead            Necr           #####...     78%         5    N/A
 Lightning Bolt           Conj/Air       ###.......   85%         5    N/A
 Dispersal                Tloc           #####.....   86%         6    N/A
 Shadow Creatures         Summ           N/A          86%         6    N/A
 Yara's Violent Unravell  Hex/Tmut       ###.......   89%         5    N/A
 Darkness                 Hex            ####......   94%         6    N/A
 Invisibility             Hex            ####....     94%         6    N/A
 Iskenderun's Mystic Bla  Conj           #.......     96%         4    N/A
 Sticky Flame             Conj/Fire      #.......     96%         4    N/A
 Throw Icicle             Conj/Ice       #.......     96%         4    N/A
 Bolt of Draining         Conj/Necr      ####......   97%         5    N/A
 Bolt of Magma            Conj/Fire/Erth ##........   99%         5    N/A
 Alistair's Intoxication  Tmut/Pois      #.......     100%        5    N/A
 Fireball                 Conj/Fire      #.........   100%        5    N/A
 Irradiate                Conj/Tmut      #.........   100%        5    N/A
 Conjure Ball Lightning   Conj/Air       ###.......   100%        6    N/A
 Iron Shot                Conj/Erth      ###.......   100%        6    N/A
 Poison Arrow             Conj/Pois      #.........   100%        6    N/A
 Haunt                    Necr/Summ      #####.....   100%        7    N/A
 Summon Hydra             Summ           #####.....   100%        7    N/A
 Chain Lightning          Conj/Air       ###.......   100%        8    N/A
 Controlled Blink         Tloc           N/A          100%        8    N/A
 Discord                  Hex            ####......   100%        8    N/A
 Disjunction              Tloc           #####.....   100%        8    N/A
 Infestation              Necr           #####.....   100%        8    N/A
 Lehudib's Crystal Spear  Conj/Erth      ###.......   100%        8    N/A
 Fire Storm               Conj/Fire      #.........   100%        9    N/A
 Glaciate                 Conj/Ice       #.........   100%        9    N/A
 Shatter                  Erth           ###.......   100%        9    N/A
 Regeneration             Chrm/Necr      Unusable     N/A         3    N/A
 Sublimation of Blood     Necr           Unusable     N/A         2    N/A
 Beastly Appendage        Tmut           Unusable     N/A         1    N/A
 Spider Form              Tmut/Pois      Unusable     N/A         3    N/A
 Ice Form                 Ice/Tmut       Unusable     N/A         4    N/A
 Blade Hands              Tmut           Unusable     N/A         5    N/A
 Hydra Form               Tmut           Unusable     N/A         6    N/A
 Statue Form              Tmut/Erth      Unusable     N/A         6    N/A
 Dragon Form              Tmut           Unusable     N/A         7    N/A
 Borgnjor's Revivificati  Necr           Unusable     N/A         8    N/A
 Death's Door             Chrm/Necr      Unusable     N/A         8    N/A
 Necromutation            Tmut/Necr      Unusable     N/A         8    N/A

Dungeon Overview and Level Annotations

Branches:
Dungeon (15/15)            Temple (1/1) D:7            Lair (6/6) D:10
 Shoals (4/4) Lair:2        Snake (4/4) Lair:4          Orc (2/2) D:10
    Elf (3/3) Orc:2        Vaults (4/5) D:13          Crypt (0/3) Vaults:3
 Depths (5/5) D:15        Volcano (visited)          WizLab (visited)
  Slime: Lair:5-6       Zot: Depths:5

Altars:
Ashenzari
Cheibriados
Dithmenos
Elyvilon
Fedhas
Gozag
Hepliaklqana
Kikubaaqudgha
Makhleb
Nemelex Xobeh
Okawaru
Qazlal
Ru
Sif Muna
Trog
Uskayaw
Vehumet
Wu Jian
Xom
Yredelemnul
Zin
The Shining One
Beogh
Jiyva

Shops:
D:5 ?[   D:9 %   D:10 *   D:11 (   Orc:2 =}(!   Elf:1 *   Elf:2 :
Snake:1 ==}}

Portals:
Hell: Depths:1 Depths:2 Depths:3 Depths:4 Depths:5
Abyss: Depths:5
Pandemonium: Depths:3
Ziggurat: Depths:4

Annotations:
Lair:6 3 runed translucent doors, exclusion: 2 oklob plants, MolotovDodgeball's ghost, journeyman TrAs
Shoals:1 2 transporters
Shoals:4 Roxanne
Depths:3 exclusion: 3 oklob plants
Depths:4 exclusions: floating eye and 3 more exclusions, Mennas; the Enchantress


Innate Abilities, Weirdness & Mutations

You do not eat or drink.
Your flesh is vulnerable to fire.
You are immune to poison.
Your flesh is cold resistant. (rC+)
You are immune to negative energy. (rN+++)
You are immune to unholy pain and torment.
You can survive without breathing.
You are in touch with the powers of death.


Message History

Things that are here:
a +0 broad axe of distortion; a +0 animal skin; a spriggan corpse You lunge with incredible momentum at the yaktaur captain.
You slice the yaktaur captain like a ripe choko!!!!
You blow up the yaktaur captain!
The Council accepts your kill.
You hear a splash. x2
You spin and attack the spriggan air mage repeatedly, with incredible momentum.
You open the spriggan air mage like a pillowcase!!!
You blow up the spriggan air mage!
The Council accepts your kill.
Your supernatural speed expires.
You spin and attack the spriggan air mage repeatedly.
You slice the spriggan air mage!!
The spriggan air mage is heavily wounded.
You closely miss the spriggan air mage.
The spriggan air mage is heavily wounded.
You spin and attack the spriggan berserker.
You hit the spriggan berserker.
The spriggan berserker is lightly wounded.
You block the spriggan rider's attack.
You block the spriggan berserker's attack.
The spriggan air mage hits you but does no damage.
Items here: )) [ †† a +4 vampiric lajatang; a +0 robe; a +0 spear; a spriggan corpse a hornet corpse You spin and attack the spriggan berserker repeatedly.
You slice the spriggan berserker!!
The spriggan berserker is moderately wounded.
You hit the spriggan berserker.
The spriggan berserker is moderately wounded.
The hell knight hits you but does no damage.
The spriggan berserker hits you with a +0 quarterstaff!!
The spriggan air mage waves its arms in wide circles.
The air twists around and strikes you.
The spriggan rider hits you but does no damage.
You spin and attack the spriggan rider repeatedly.
You closely miss the spriggan rider. You slice the spriggan rider!!
The spriggan rider is heavily wounded.
You spin and attack the spriggan berserker.
You slice the spriggan berserker!!
The spriggan berserker is severely wounded.
The hell knight hits you from afar with a +3 glaive of pain!
You block the spriggan berserker's attack.
The spriggan air mage hits you but does no damage.
The spriggan berserker hits you with a +0 quarterstaff!
You block the spriggan rider's attack. You block the hell knight's attack.
You spin and attack the spriggan rider.
You closely miss the spriggan rider.
The spriggan rider is heavily wounded.
The spriggan air mage casts a spell at you.
The bolt of lightning hits you! You resist.
* * * LOW HITPOINT WARNING * * *
The bolt of lightning hits the hell knight!!
You block the hell knight's attack.
The spriggan rider hits you with a +0 spear!
* * * LOW HITPOINT WARNING * * *
You block the necromancer's attack.
You hear a shout!
You spin and attack the hell knight.
You hit the hell knight.
The hell knight is lightly wounded.
You spin and attack the hell knight.
You slice the hell knight!!
The hell knight is severely wounded.
The hell knight hits you but does no damage.
You block the hell knight's attack.
The spriggan berserker hits you with a +0 quarterstaff.
* * * LOW HITPOINT WARNING * * *
The spriggan rider hits you from afar with a +0 spear!
* * * LOW HITPOINT WARNING * * *
You spin and attack the hell knight repeatedly.
You slice the hell knight!!
You kill the hell knight!
The Council accepts your kill. You block the necromancer's attack.
The hell knight hits you but does no damage.
You block the hell knight's attack.
The spriggan berserker hits you with a +0 quarterstaff!
* * * LOW HITPOINT WARNING * * *
The spriggan air mage waves its arms in wide circles.
The air twists around and strikes you!
* * * LOW HITPOINT WARNING * * *
Okay, then.
Okay, then.
Okay, then.
Okay, then.
You can't drink.
Unknown command.
Okay, then.
You spin and attack the necromancer repeatedly.
You slash the necromancer!
You kill the necromancer!
The Council accepts your kill. You block the hell knight's attack.
The spriggan berserker hits you but does no damage.
You block the hell knight's attack. The spriggan rider barely misses you.
You block the spriggan berserker's attack.
You hear a deafening roar!
You hear a horrible gurgling sound!
You hear a shout!
You hear a roar!
The spriggan berserker hits you with a +0 quarterstaff!
You die...

.......# #.............
.......# #..............
.......# #..............
.......# #..............
.......###.§§§☼§........
..........☼☼§p§§☼§......
......§☼§§§§☼§p§§§§.....
...[.☼§§§§§§§§i§§§§.....
..###§§§§§i§☼§pi@§§..... ..#
#§§§§§i♣§§§§§§§..... ..#
#§☼§§☼♣§§○§§§☼§...........
..#
#§☼☼§§§((..%..............#
..#
#§☼§☼§≈≈♣≈≈≈..............#
..#
#....≈≈♣#.(♣≈.............#
..#
#...♣.≈≈≈≈.≈..............#
..#
#......≈≈≈.........<......###
#....≈%≈≈≈≈≈. #..p....


You could see 2 hell knights, a spriggan rider and a spriggan berserker
(berserk).

Vanquished Creatures
  Mara (Snake:4)
  An ancient lich (WizLab)
  Margery (Vaults:4)
  Vashnia (Snake:4)
  Jory (Vaults:2)
  A bone dragon (Depths:5)
  2 liches
  Jorgrun (Shoals:2)
  Asterion (Snake:4)
  A quicksilver dragon (Depths:2)
  An acid blob (Depths:3)
  3 deep elf blademasters
  A deep elf master archer (Elf:3)
  Polyphemus (Shoals:4)
  2 sphinxes
  A kraken (Shoals:4)
  2 ancient champions (WizLab)
  Agnes (D:14)
  Kirke (Shoals:4)
  A shadow dragon (Vaults:4)
  Donald (Snake:4)
  A thorn hunter (Depths:3)
  A storm dragon (Depths:5)
  A tengu reaver (Vaults:4)
  12 nagarajas
  3 fire giants
  6 deep elf sorcerers (Elf:3)
  Ilsuiw (Shoals:2)
  4 frost giants
  11 vault wardens
  A balrug (Depths:3)
  An orc warlord (Orc:2)
  A draconian knight (Depths:5)
  6 deep elf elementalists
  A spriggan defender (Depths:5)
  A curse skull (Vaults:3)
  14 very ugly things
  14 stone giants
  A reaper (Depths:4)
  10 ironheart preservers
  6 deep elf demonologists
  Nessos (Lair:4)
  An entropy weaver (Vaults:3)
  2 vampire knights
  A red draconian (Depths:5)
  Azrael (D:14)
  A white draconian (Depths:5)
  7 deep elf annihilators (Elf:3)
  A purple draconian (Depths:5)
  Snorg (D:13)
  6 ettins
  4 merfolk javelineers
  7 deep elf death magi
  5 fire dragons
  A crystal guardian (Vaults:3)
  2 deep elf high priests (Elf:3)
  12 ogre magi
  6 merfolk impalers
  13 yaktaur captains
  6 great orbs of eyes
  5 spriggan air magi
  3 rakshasas
  7 vault guards
  4 ice dragons
  4 hydras
  Erolcha (D:11)
  3 merfolk avatars
  4 catoblepae
  Harold (Lair:1)
  21 naga warriors
  Erica (D:10)
  40 two-headed ogres
  3 satyrs
  2 merfolk aquamancers (Shoals:4)
  29 dancing weapons
  9 deep troll shamans
  10 anacondas
  6 centaur warriors
  20 death yaks
  6 tengu warriors
  5 deep troll earth magi
  A vampire mage (Depths:2)
  Urug (Lair:5)
  4 orc high priests (Orc:2)
  6 shock serpents
  5 spriggan berserkers
  5 hell knights
  10 naga sharpshooters
  Nergalle (D:11)
  20 deep elf knights
  4 spriggans
  Sonja (Lair:1)
  A sun demon (Depths:3)
  3 salamander mystics
  17 skeletal warriors
  3 iron trolls
  2 small abominations (Elf:3)
  An unseen horror (D:15)
  2 flayed ghosts
  2 deep elf archers
  6 naga ritualists
  16 sea snakes
  3 glowing orange brains
  27 deep trolls
  12 ironbrand convokers
  A phantasmal warrior (Vaults:4)
  2 harpies (shapeshifter)
  5 wizards
  13 mana vipers
  38 harpies
  4 wolf spiders
  8 necromancers
  A faun (shapeshifter) (Depths:2)
  A stone giant zombie (Vaults:1)
  12 fauns
  20 orc knights
  9 orc sorcerers
  55 deep elf magi
  A cyclops (shapeshifter) (Vaults:1)
  7 salamanders
  2 human zombies (Vaults:3)
  42 ugly things
  12 cyclopes
  2 guardian serpents (shapeshifter) (Depths:2)
  4 guardian serpents
  8 manticores
  13 naga magi
  3 rust devils (Depths:3)
  9 merfolk sirens
  A centaur zombie (D:14)
  19 vault sentinels
  2 gargoyles (D:14)
  An elephant (D:10)
  Maurice (Orc:2)
  6 water nymphs
  37 black mambas
  Psyche (D:11)
  A torpor snail (shapeshifter) (Depths:5)
  A human skeleton (Vaults:1)
  A smoke demon (Depths:4)
  A torpor snail (Lair:6)
  A spiny frog (shapeshifter) (Vaults:1)
  6 spiny frogs
  2 rime drakes (shapeshifter)
  A rime drake (Lair:5)
  7 komodo dragons
  3 kobold demonologists (D:14)
  54 yaktaurs
  3 freezing wraiths
  3 tengu conjurers
  An ice devil (Depths:1)
  12 trolls
  A yaktaur skeleton (Vaults:1)
  A queen bee (D:8)
  A jumping spider (shapeshifter) (Vaults:2)
  A meliai (shapeshifter) (Vaults:4)
  5 hornets
  24 merfolk
  3 queen bees (shapeshifter)
  9 wind drakes
  A polar bear (Lair:6)
  A sphinx simulacrum (Vaults:1)
  A wind drake (shapeshifter) (D:14)
  17 hippogriffs
  A dream sheep (shapeshifter) (Depths:5)
  7 dream sheep (Shoals:4)
  2 human simulacra
  35 slime creatures
  A raiju (shapeshifter) (D:15)
  10 snapping turtles
  A stone giant simulacrum (Vaults:1)
  6 vampires
  2 air elementals (Elf:2)
  3 wraiths
  4 fire elementals (D:14)
  14 water elementals
  2 wyverns
  2 shadows
  3 hogs (shapeshifter)
  A golden eye (shapeshifter) (Vaults:1)
  A steam dragon (D:13)
  60 yaks
  4 basilisks
  3 vampire mosquitoes (D:13)
  2 hungry ghosts
  4 hogs (Shoals:4)
  A deep troll zombie (Vaults:3)
  51 nagas
  8 wargs
  3 acid dragons
  2 two-headed ogre zombies (WizLab)
  10 water moccasins
  5 porcupines
  2 hell hounds (D:14)
  3 black bears
  5 ice beasts
  3 sky beasts
  69 orc warriors
  2 phantoms
  8 centaurs
  36 ogres
  13 boggarts
  11 wolves
  An elf skeleton (Vaults:3)
  11 crocodiles
  5 big kobolds
  13 bullfrogs
  4 earth elementals
  A wyvern zombie (D:11)
  A glowing shapeshifter simulacrum (Vaults:2)
  2 scorpions
  8 troll zombies (WizLab)
  24 killer bees
  14 wights
  4 howler monkeys
  An electric eel (Lair:5)
  10 crimson imps
  A bullfrog zombie (D:12)
  A quasit (D:11)
  5 hounds
  7 jellies
  2 bullfrog skeletons
  32 orc priests
  4 iron imps (Depths:3)
  8 centaur skeletons
  Natasha (thrice) (D:4)
  3 iguanas
  32 orc wizards
  7 worker ants
  3 ogre zombies (WizLab)
  A hound zombie (D:9)
  4 hound skeletons
  6 gnolls
  17 adders
  4 shadow imps
  A white imp (Depths:3)
  An ufetubus (Depths:3)
  An ooze (D:3)
  An adder zombie (D:10)
  3 adder skeletons
  4 worms
  4 dart slugs
  6 leopard geckos
  131 orcs
  5 ball pythons
  8 bats
  3 giant cockroaches
  7 goblins
  8 hobgoblins
  5 jackals (D:9)
  3 quokkas
  4 frilled lizards
  24 kobolds
  A quokka skeleton (D:7)
  A quokka zombie (D:5)
  5 rats
  3 tentacles (Shoals:4)
1907 creatures vanquished.

Vanquished Creatures (collateral kills)
  Rupert (Lair:4)
  A troll (Orc:2)
  2 orc priests (Orc:2)
  4 orcs (Orc:2)
8 creatures vanquished.

Vanquished Creatures (others)
  A deep elf master archer (Elf:3)
  A fire giant (Depths:2)
  A vault warden (Vaults:3)
  A satyr (Shoals:3)
  A centaur warrior (Depths:2)
  4 naga sharpshooters
  An unseen horror (shapeshifter) (Vaults:2)
  3 deep elf archers
  An ironbrand convoker (Vaults:3)
  3 harpies
  A cyclops (Vaults:1)
  A guardian serpent (Snake:4)
  5 yaktaurs
  A freezing wraith (Vaults:3)
  A naga (Snake:2)
  An orc warrior (Vaults:3)
  3 centaurs
  An orc priest (Orc:2)
  An orc (Vaults:4)
  2 kobolds (D:7)
  5 fungi
  8 plants
  19 tentacles (Shoals:4)
66 creatures vanquished.

Grand Total: 1981 creatures vanquished

Notes
Turn   | Place    | Note
-------+----------+-------------------------------------------
     0 | D:1      | EnegeticOcto the Mummy Warper began the quest for the Orb.
     0 | D:1      | Reached XP level 1. HP: 16/16 MP: 4/4
   296 | D:1      | Reached XP level 2. HP: 22/23 MP: 5/5
   548 | D:1      | Reached skill level 3 in Fighting
  1233 | D:1      | Reached XP level 3. HP: 29/29 MP: 7/7
  1658 | D:2      | Reached skill level 4 in Fighting
  2454 | D:3      | Reached XP level 4. HP: 33/38 MP: 8/8
  2613 | D:3      | Found a faded altar of an unknown god.
  2935 | D:3      | Reached skill level 5 in Fighting
  3062 | D:3      | Found an iron altar of Okawaru.
  3358 | D:3      | Reached XP level 5. HP: 44/44 MP: 9/9
  3707 | D:3      | Reached skill level 6 in Fighting
  4155 | D:4      | Reached skill level 1 in Armour
  4155 | D:4      | Reached XP level 6. HP: 50/53 MP: 10/10
  4382 | D:4      | Noticed Natasha
  4397 | D:4      | Killed Natasha
  4432 | D:4      | Noticed Natasha
  4444 | D:4      | Killed Natasha
  4640 | D:4      | Noticed Natasha
  4647 | D:4      | Killed Natasha
  4776 | D:5      | Entered Level 5 of the Dungeon
  5188 | D:5      | Reached skill level 7 in Fighting
  5229 | D:5      | Reached XP level 7. HP: 21/60 MP: 11/11
  5543 | D:5      | Reached skill level 1 in Shields
  5762 | D:5      | Found Wafocreg's Magic Scroll Shoppe.
  5770 | D:5      | Bought a scroll of brand weapon for 240 gold pieces
  6166 | D:5      | Reached skill level 1 in Long Blades
  6328 | D:5      | Found Beoheh's Armour Boutique.
  6451 | D:6      | Noticed a hippogriff
  6468 | D:5      | Killed a hippogriff
  6468 | D:5      | Reached XP level 8. HP: 50/67 MP: 12/12
  6591 | D:6      | Noticed a two-headed ogre
  7495 | D:6      | Killed a two-headed ogre
  7495 | D:6      | Reached skill level 8 in Fighting
  7495 | D:6      | Reached XP level 9. HP: 29/74 MP: 13/13
  8476 | D:7      | Reached skill level 5 in Long Blades
  8592 | D:7      | Found a staircase to the Ecumenical Temple.
  8626 | Temple   | Entered the Ecumenical Temple
  8717 | Temple   | Became a worshipper of the Wu Jian Council
  9051 | D:7      | Found a bloodstained altar of Trog.
  9336 | D:8      | Noticed a queen bee
  9344 | D:8      | Reached skill level 5 in Armour
  9377 | D:8      | Reached skill level 9 in Fighting
  9560 | D:8      | Killed a queen bee
  9723 | D:8      | Reached XP level 10. HP: 83/83 MP: 14/14
  9839 | D:8      | Reached * piety under Wu Jian
 10513 | D:9      | Found Lareesaha's Food Boutique.
 10618 | D:9      | Reached skill level 5 in Shields
 11487 | D:9      | Reached ** piety under Wu Jian
 11828 | D:10     | Entered Level 10 of the Dungeon
 11828 | D:10     | Noticed a two-headed ogre
 12137 | D:10     | Found Cawak's Blasphemy Boutique.
 12139 | D:10     | Found a basalt altar of Yredelemnul.
 12292 | D:10     | Found a staircase to the Orcish Mines.
 12326 | D:10     | Found a staircase to the Lair.
 12328 | D:10     | Noticed an elephant
 12345 | D:10     | Reached skill level 10 in Fighting
 12361 | D:10     | Killed an elephant
 12893 | D:10     | Killed a two-headed ogre
 12893 | D:10     | Reached XP level 11. HP: 90/90 MP: 15/15
 13284 | D:10     | Paralysed by an orc priest for 5 turns
 13623 | D:11     | Noticed Erolcha
 13646 | D:11     | Killed Erolcha
 14376 | D:11     | Found Peasmyack's Antique Weapon Shop.
 14450 | D:11     | Noticed Nergalle
 14451 | D:11     | Noticed a spectral orc warlord
 14458 | D:11     | Killed Nergalle
 14487 | D:11     | Reached *** piety under Wu Jian
 14490 | D:11     | Reached skill level 10 in Long Blades
 14683 | D:11     | Noticed a red ugly thing
 14692 | D:11     | Killed a red ugly thing
 14821 | D:11     | Noticed Psyche
 14833 | D:11     | Killed Psyche
 15195 | Lair:1   | Entered Level 1 of the Lair of Beasts
 15217 | Lair:1   | Noticed Harold
 15234 | Lair:1   | Killed Harold
 15304 | Lair:1   | Noticed Erica
 15422 | D:10     | Killed Erica
 15545 | Lair:1   | Noticed Sonja
 15563 | Lair:1   | Got a pitted plate armour
 15584 | Lair:1   | Killed Sonja
 15584 | Lair:1   | Reached XP level 12. HP: 82/97 MP: 16/16
 15964 | Lair:1   | Noticed a six-headed hydra
 15973 | Lair:1   | Killed a two-headed hydra
 16205 | Lair:1   | Got a sapphire-encrusted plate armour
 16390 | Lair:1   | Identified the +1 plate armour "Cociefol" {+Fly Dex+5} (You
                  | found it on level 1 of the Lair of Beasts)
 16400 | Lair:1   | Identified the +9 plate armour "Ataasat" {rN+++ Int+4 Dex-2
                  | SInv} (You found it on level 1 of the Lair of Beasts)
 16443 | Lair:2   | Found a dark tunnel.
 16445 | Lair:2   | Noticed a seven-headed hydra
 16455 | Lair:2   | Killed a one-headed hydra
 16465 | Volcano  | Entered a volcano
 17036 | Lair:2   | Found a staircase to the Shoals.
 17477 | Lair:3   | Reached **** piety under Wu Jian
 17537 | Lair:3   | Learned a level 1 spell: Apportation
 17539 | Lair:3   | Learned a level 1 spell: Confusing Touch
 17542 | Lair:3   | Learned a level 2 spell: Blink
 17817 | Lair:3   | Noticed an eight-headed hydra
 17827 | Lair:3   | Killed a two-headed hydra
 18642 | Lair:4   | Found a staircase to the Snake Pit.
 18651 | Lair:4   | Gained mutation: You are in touch with the powers of death.
                  | [Mummy growth]
 18651 | Lair:4   | Reached XP level 13. HP: 88/103 MP: 17/17
 18823 | Lair:4   | Noticed Rupert
 18832 | Lair:4   | Killed Rupert
 19105 | Lair:4   | Noticed Nessos
 19115 | Lair:4   | Killed Nessos
 19115 | Lair:4   | Reached skill level 1 in Evocations
 19919 | Lair:5   | Reached ***** piety under Wu Jian
 20121 | Lair:5   | Noticed Urug
 20155 | Lair:5   | Killed Urug
 20701 | Lair:6   | Entered Level 6 of the Lair of Beasts
 21727 | Lair:6   | Reached skill level 10 in Shields
 22106 | Lair:6   | Found a runed translucent gate.
 22107 | Lair:6   | Found a runed translucent gate.
 22146 | Lair:6   | Found a runed translucent gate.
 22146 | Lair:6   | Noticed a death ooze
 22151 | Lair:6   | Noticed MolotovDodgeball's ghost (journeyman TrAs)
 22370 | Lair:6   | Reached XP level 14. HP: 110/110 MP: 18/18
 23996 | Lair:6   | Identified the Volume of Bewitchment and Moulding
 24105 | Lair:6   | Found a viscous altar of Jiyva.
 25345 | D:5      | Bought a scroll of brand weapon for 240 gold pieces
 25351 | D:5      | Bought a scroll of enchant weapon for 90 gold pieces
 25553 | D:13     | Noticed Snorg
 25569 | D:13     | Killed Snorg
 25841 | D:13     | Found a gate to the Vaults.
 26009 | D:13     | Reached skill level 1 in Stealth
 26175 | D:13     | Reached skill level 5 in Dodging
 26175 | D:13     | Reached skill level 1 in Hexes
 26782 | D:13     | Found a basalt altar of Yredelemnul.
 26856 | D:14     | Noticed Azrael
 26896 | D:14     | Killed Azrael
 27337 | D:14     | Reached skill level 5 in Evocations
 27764 | D:14     | Noticed Agnes
 27781 | D:14     | Killed Agnes
 28538 | D:14     | Got a brightly glowing ring mail
 28539 | D:14     | Identified the +2 ring mail of Fedhas's Displeasure {rElec
                  | rC+} (You found it on level 14 of the Dungeon)
 28570 | D:15     | Entered Level 15 of the Dungeon
 28597 | D:15     | Reached XP level 15. HP: 115/115 MP: 22/22
 28617 | D:15     | Reached ****** piety under Wu Jian
 28617 | D:15     | Reached skill level 5 in Spellcasting
 28957 | D:14     | Upgraded the game from 0.24.0-1-gfbc8707122 to
                  | 0.24.0-5-g267a8d59f4
 29077 | Orc:1    | Entered Level 1 of the Orcish Mines
 29157 | Orc:1    | Found a burning altar of Makhleb.
 29243 | Orc:2    | Entered Level 2 of the Orcish Mines
 30351 | Orc:2    | Found a staircase to the Elven Halls.
 30636 | Orc:2    | Noticed an orc warlord
 30705 | Orc:2    | Killed an orc warlord
 31110 | Orc:2    | Found a roughly hewn altar of Beogh.
 31332 | Orc:2    | Found Faeloaha's Jewellery Boutique.
 31343 | Orc:2    | Found Luj Haotz's Gadget Shop.
 31464 | Orc:2    | Found Xoesew's Antique Weapon Shoppe.
 31685 | Orc:2    | Found a roughly hewn altar of Beogh.
 31705 | Orc:2    | Noticed Maurice
 31707 | Orc:2    | Found Raurotun's Distillery.
 31711 | Orc:2    | Killed Maurice
 31815 | Orc:2    | Reached skill level 5 in Stealth
 32015 | Orc:2    | Bought a wand of acid (8) for 312 gold pieces
 32184 | Snake:1  | Entered Level 1 of the Snake Pit
 32204 | Snake:1  | Reached skill level 5 in Hexes
 32356 | Snake:1  | Identified the cursed +1 chain mail "Veahuosa" {rF+} (You
                  | found it on level 1 of the Snake Pit)
 33401 | Snake:1  | Found Isukuoh's Jewellery Emporium.
 33402 | Snake:1  | Found Tiosomi's Gadget Boutique.
 33402 | Snake:1  | Found Udwom's Gadget Boutique.
 33410 | Snake:1  | Bought the ring "Xaratuol" {Wiz rElec rF+ Str+2} for 772
                  | gold pieces
 33453 | Snake:1  | Found Cyonoj's Jewellery Boutique.
 35027 | Snake:2  | Noticed a nagaraja
 35038 | Snake:2  | Killed a nagaraja
 35042 | Snake:2  | Reached XP level 16. HP: 72/122 MP: 23/23
 37850 | Snake:4  | Entered Level 4 of the Snake Pit
 38033 | Snake:4  | Noticed Mara
 38096 | Snake:4  | Noticed Vashnia
 38292 | Shoals:1 | Entered Level 1 of the Shoals
 38569 | Shoals:1 | Found a transporter.
 38571 | Shoals:1 | Found a transporter.
 39300 | Shoals:2 | Noticed Ilsuiw
 39329 | Shoals:2 | Killed Ilsuiw
 40040 | Shoals:2 | Noticed Jorgrun
 40408 | Shoals:2 | Killed Jorgrun
 41004 | Shoals:3 | Reached XP level 17. HP: 111/130 MP: 27/27
 41427 | Shoals:3 | Reached skill level 11 in Fighting
 42371 | Shoals:4 | Entered Level 4 of the Shoals
 42408 | Shoals:4 | Identified Roxanne's Reference Book on Earth
 42408 | Shoals:4 | Noticed Roxanne
 42408 | Shoals:4 | Found a flickering gateway to a bazaar.
 42417 | Shoals:4 | Noticed Polyphemus
 42796 | Shoals:4 | Killed Polyphemus
 42818 | Bazaar   | Entered a bazaar
 42819 | Bazaar   | Found Peinadag's Armour Boutique.
 42819 | Bazaar   | Found Eveicsao's Armour Shop.
 42820 | Bazaar   | Found Xyuliaff's Jewellery Emporium.
 42851 | Bazaar   | Found Saddeschu's Book Emporium.
 44198 | Shoals:4 | Noticed Kirke
 44217 | Shoals:4 | Killed Kirke
 45331 | Shoals:4 | Noticed a kraken
 45894 | Shoals:4 | Killed a kraken
 45905 | Shoals:4 | Got a barnacled rune of Zot
 46452 | Elf:1    | Entered Level 1 of the Elven Halls
 46504 | Elf:1    | Reached skill level 12 in Fighting
 46602 | Elf:1    | Reached skill level 10 in Armour
 46707 | Elf:1    | Reached skill level 10 in Spellcasting
 46730 | Elf:1    | Found Ekamn's Mass Market.
 46930 | Elf:1    | Reached XP level 18. HP: 106/140 MP: 32/32
 47545 | Elf:2    | Found Ylaovoeg's Book Emporium.
 48580 | Elf:2    | Found a huge runed translucent gate.
 48580 | Elf:2    | Found a huge runed translucent gate.
 48580 | Elf:2    | Found a huge runed translucent gate.
 48580 | Elf:2    | Found a huge runed translucent gate.
 48580 | Elf:2    | Found a huge runed translucent gate.
 48919 | Elf:2    | Reached skill level 13 in Fighting
 50083 | Elf:2    | Reached skill level 15 in Shields
 50221 | Elf:3    | Entered Level 3 of the Elven Halls
 50342 | Elf:3    | Learned a level 2 spell: Song of Slaying
 50349 | Elf:3    | Learned a level 6 spell: Deflect Missiles
 50354 | Elf:3    | Learned a level 4 spell: Passage of Golubria
 50359 | Elf:3    | Learned a level 4 spell: Summon Lightning Spire
 50631 | Elf:3    | Reached skill level 14 in Fighting
 50989 | Vaults:1 | Entered Level 1 of the Vaults
 51049 | Vaults:1 | Found a magical portal.
 51752 | WizLab   | Noticed an antique lich
 51801 | WizLab   | Killed an antique lich
 51801 | WizLab   | Reached skill level 15 in Fighting
 51907 | WizLab   | Found the +9 sword of Zonguldrok {reap}
 52329 | Vaults:1 | Reached skill level 1 in Air Magic
 52385 | Vaults:1 | Reached XP level 19. HP: 73/155 MP: 33/33
 55753 | Snake:4  | Killed Mara
 55886 | Snake:4  | Reached skill level 5 in Translocations
 55903 | Snake:4  | Killed Vashnia
 56537 | Snake:4  | Reached skill level 5 in Air Magic
 57077 | Snake:4  | Noticed Donald
 57083 | Snake:4  | Killed Donald
 57316 | Snake:4  | Reached XP level 20. HP: 162/162 MP: 34/34
 57365 | Snake:4  | Noticed Asterion
 57704 | Snake:4  | Killed Asterion
 58099 | Snake:4  | Reached skill level 15 in Long Blades
 58496 | Snake:4  | Got a serpentine rune of Zot
 60375 | Vaults:2 | Identified the Incunabulum of Feathers and Talismans
 60734 | Vaults:2 | Noticed Jory
 60764 | Vaults:2 | Killed Jory
 62262 | Vaults:3 | Reached skill level 10 in Dodging
 62262 | Vaults:3 | Reached XP level 21. HP: 113/168 MP: 35/35
 62300 | Vaults:3 | Identified the ring of Vyemu {*Tele rF+ rN+}
 62714 | Vaults:3 | Reached skill level 1 in Charms
 62714 | Vaults:3 | Reached skill level 1 in Summonings
 63399 | Vaults:3 | Learned a level 5 spell: Silence
 63405 | Vaults:3 | Learned a level 5 spell: Borgnjor's Vile Clutch
 63411 | Vaults:3 | Learned a level 5 spell: Summon Mana Viper
 64239 | Vaults:3 | Found a staircase to the Crypt.
 65816 | Vaults:4 | Noticed Margery
 65841 | Vaults:4 | Reached skill level 16 in Fighting
 65844 | Vaults:4 | Killed Margery
 65845 | Vaults:4 | Reached skill level 5 in Charms
 65845 | Vaults:4 | Reached skill level 5 in Summonings
 66542 | Vaults:4 | Reached XP level 22. HP: 79/179 MP: 36/36
 68249 | Elf:3    | Identified the ring of Erho {rF+ rC- rN+ AC+1}
 68284 | Elf:3    | Identified the +5 war axe of Gatehameag {elec, MR+}
 68284 | Elf:3    | Identified the ring of Kusam {rN+ MR+ EV+4 Str+5}
 68650 | Elf:3    | Identified the cursed +1 broad axe "Buyh" {flame, +Fly rF+
                  | rC+ Dex-4}
 68658 | Elf:3    | Reached skill level 17 in Fighting
 70016 | D:15     | Found a staircase to the Depths.
 70443 | Depths:1 | Entered Level 1 of the Depths
 70528 | Depths:1 | Found a gateway to Hell.
 71125 | Depths:1 | Found a sparkling altar of Nemelex Xobeh.
 71964 | Depths:2 | Reached XP level 23. HP: 43/190 MP: 37/37
 71976 | Depths:2 | Reached skill level 18 in Fighting
 73119 | Depths:2 | Reached skill level 10 in Charms
 73347 | Depths:3 | Reached skill level 1 in Necromancy
 73363 | Depths:3 | Reached skill level 1 in Earth Magic
 73844 | Depths:3 | Found a one-way gate leading to the halls of Pandemonium.
 74694 | Depths:4 | Noticed Mennas
 74698 | Depths:4 | Noticed the Enchantress
 75106 | Depths:5 | Entered Level 5 of the Depths
 75126 | Depths:5 | Found a one-way gate to the infinite horrors of the Abyss.
 75701 | Depths:4 | Found a gateway to a ziggurat.
 76596 | Depths:5 | HP: 4/190 [spriggan air mage/the air[a spriggan defender]
                  | (12)]
 76600 | Depths:5 | Mangled by a spriggan berserker

Levels and vault maps discovered:
D:1:      lemuel_arrival_behind_the_door_small, layout_basic,
          roderic_roman_lattice
D:2:      layout_basic, first_ration
D:3:      layout_loops_ring, chequers_ecumenical_altar_simple,
          okawaru_metal_pillars_3
D:4:      layout_gridville, uniq_natasha
D:5:      layout_basic, serial_shops, shop, shop, kennysheep_generic_room_11
D:6:      layout_cave_pools
D:7:      layout_gridville, trog_ov_bears_minmay, minmay_temple_entry_waves,
          minmay_misc_feat_pillars
D:8:      layout_basic, david_nohive_1
D:9:      layout_basic, serial_shops, nicolae_shop_window_shopping
D:10:     layout_loops_ring, david_lair_generic, orc_0_dummy, nicolae_evil_shop
D:11:     layout_stronghold, serial_shops, shop_fountains, uniq_erolcha,
          uniq_psyche, uniq_nergalle
D:12:     layout_long_grid
D:13:     layout_loops_cross, david_vaults_1, kennysheep_flooded_box,
          david_defended_altar_elf, uniq_snorg
D:14:     minmay_weird_star, layout_irregular_city, kennysheep_cluttered_room,
          uniq_azrael, uniq_agnes
D:15:     grunt_enter_depths_hoard, layout_basic, serial_bayou_pond_d
Temple:   regret_index_temple_sigil_plot
Lair:1:   layout_hall_layers, serial_bayou_crossing, uniq_harold, uniq_sonja,
          uniq_erica
Lair:2:   layout_roguey, minmay_shoals_entry_centaurs,
          nicolae_volcano_entry_lava_flow, lemuel_fruit_tree
Lair:3:   layout_hall_layers, infiniplex_staircase_pool_2
Lair:4:   layout_hall_layers, minmay_snake_entry_six_corridors,
          lemuel_fruit_fields, uniq_rupert, uniq_nessos
Lair:5:   layout_cave_pods, serial_bayou_lagoon_b, uniq_urug
Lair:6:   evilmike_catoblepas_cave, layout_layer_cave,
          minmay_slime_entry_oklob_enclosed, gammafunk_ghost_ooze
Shoals:1: gammafunk_the_bubble [the_bubble_gammafunk_plus_minus], layout_shoals
Shoals:2: layout_shoals, uniq_jorgrun, uniq_ilsuiw
Shoals:3: cheibrodos_shoals_satyrical_garden, layout_shoals
Shoals:4: shoals_end_hangedman, layout_shoals, serial_shops, bzr_entry_dummy,
          nicolae_shoals_circle_sea_wall, nicolae_shoals_square_sea_wall,
          uniq_polyphemus, uniq_roxanne, uniq_kirke
Snake:1:  layout_layer_cave, serial_shops, shop, minmay_shop_grove
Snake:2:  layout_honeycomb
Snake:3:  layout_chambers, grunt_megastairs_4
Snake:4:  grunt_snake_rune_pools, layout_cave_town, uniq_vashnia, uniq_asterion,
          uniq_donald, uniq_mara
Orc:1:    layout_caves, basic_altar
Orc:2:    pubby_orc_utopia, serial_shops, uniq_maurice
Elf:1:    layout_geoelf_diagonals, minmay_elf_crystal_hexagon, minmay_shop_mass
Elf:2:    layout_geoelf_octagon, serial_shops, nicolae_shop_stone,
          feat_on_display
Elf:3:    minmay_elf_hall_quartered_circle, layout_geoelf_octagon
Vaults:1: grunt_vaults_hallway_short, nicolae_vaults_network_periphery,
          hangedman_vaults_unwind, vaults_dpeg_ring,
          nicolae_vaults_circle_grid_a, nicolae_vaults_fighting_squares,
          v_pattern_2, hangedman_vaults_nails, ontoclasm_vaults_ring_square,
          hangedman_vaults_trim, layout_vaults_chaotic_city, mu_enter_wizlab_4
Vaults:2: hangedman_vaults_maws, vaults_room_fours, st_cells,
          ontoclasm_vaults_loading_screen, hangedman_vaults_restitches,
          ontoclasm_vaults_ring_square, v_misc_26, v_alt_pattern_6,
          vaults_room_fours, ontoclasm_vaults_ligature, v_alt_pattern_4,
          nicolae_vaults_gold_heap, layout_vaults_omnicross, uniq_jory
Vaults:3: ontoclasm_vaults_gallery, nicolae_vaults_big_ls,
          nicolae_vaults_windows_and_doors_thing, v_misc_23,
          nicolae_vaults_mini_display_case, minmay_crypt_entry_simple_box,
          nicolae_vaults_border_crossing, v_alt_pattern_6,
          ontoclasm_vaults_gateway, nicolae_vaults_diagonal_hallway_6,
          layout_vaults_omnigrid
Vaults:4: vaults_room_ringed_pool, nicolae_vaults_good_morning_starshine,
          vaults_dpeg_spiral, v_misc_3, v_misc_23, vaults_room_door_ring,
          ontoclasm_vaults_claustrophobia, nicolae_vaults_theta,
          ontoclasm_vaults_loading_screen, v_misc_3,
          nicolae_vaults_ninety_degrees, ontoclasm_vaults_eye,
          hangedman_vaults_stream, nicolae_vaults_network_quinsquares
          [nicolae_vaults_network_quincunx_subvault,
          nicolae_vaults_network_quincunx_subvault,
          nicolae_vaults_network_quincunx_subvault,
          nicolae_vaults_network_quincunx_subvault], vaults_room_pools,
          serial_ice_g, layout_vaults_maze, uniq_margery
Depths:1: layout_cave_pools, hangedman_coc_ice_floe,
          minmay_misc_feat_nine_boxes, nemelex_xobeh_ov_fountains_minmay,
          serial_bayou_shore_a
Depths:2: evilmike_marble_ring, layout_basic, hangedman_tar_grid_catacomb,
          hangedman_abyss_or_decor_slice
Depths:3: dpeg_oklob_gauntlet, layout_gridlike, hell_entry,
          nrook_mini_backslash, grunt_pan_entry_in_and_out,
          kennysheep_generic_room_12, grunt_megastairs_5, firewood_loft,
          serial_bayou_shore_b
Depths:4: thingy_vault, layout_basic, enter_ziggurat_d, minmay_room_of_horrors,
          minmay_misc_feat_chi, rand_demon_pan_entry_3, hell_entry,
          minmay_misc_feat_four_crosses, uniq_mennas, uniq_enchantress
Depths:5: grunt_crosshair, layout_long_grid, serial_shops,
          nicolae_shop_temple_entry_statues_fountains, abyss_entry, hell_entry,
          chequers_serial_rivers_marsh

Skill      XL: |  1  2  3  4  5  6  7  8  9 10 11 12 13 14 15 16 17 18 19 20 21 22 23 |
---------------+----------------------------------------------------------------------+-----
Fighting       | 3 4 5 6 7 8 9 10 12 15 16 17 18 | 18.0
Armour         | 1 2 3 4 5 6 7 8 10 | 10.6
Shields        | 2 3 4 6 7 9 10 12 13 14 15 | 15.0
Long Blades    | 2 4 6 8 10 12 13 14 15 16 | 16.0
Dodging        | 4 5 6 8 10 | 10.6
Evocations     | 3 5 6 |  6.4
Spellcasting   | 4 5 7 10 | 10.0
Stealth        | 2 7 8 |  8.0
Hexes          | 2 5 6 7 |  7.0
Air Magic      | 1 5 7 8 |  8.0
Translocations | 6 8 |  8.0
Charms         | 5 9 10 | 10.0
Summonings     | 5 8 |  8.0
Necromancy     | 4 |  4.5
Earth Magic    | 3 |  3.7
Short Blades   | |  0.3
Polearms       | |  1.5
Throwing       | |  0.7

Action                   |  1- 3 |  4- 6 |  7- 9 | 10-12 | 13-15 | 16-18 | 19-21 | 22-24 || total
-------------------------+-------+-------+-------+-------+-------+-------+-------+-------++-------
Melee: Spear             |   166 |    18 |       |       |       |       |       |       ||   184
       Short sword       |       |   193 |   244 |       |       |       |       |       ||   437
       Scimitar          |       |       |   215 |   889 |  1718 |   164 |       |       ||  2986
       Quick blade       |       |       |       |       |   389 |  3644 |  1211 |       ||  5244
       Double sword      |       |       |       |       |       |    70 |  1437 |  1201 ||  2708
Throw: Boomerang         |       |       |     1 |       |       |       |       |       ||     1
 Cast: Apportation       |       |       |       |       |     1 |       |       |       ||     1
       Confusing Touch   |       |       |       |       |       |    58 |    21 |       ||    79
       Song of Slaying   |       |       |       |       |       |       |       |     8 ||     8
       Deflect Missiles  |       |       |       |       |       |       |       |     1 ||     1
       Summon Lightning  |       |       |       |       |       |       |       |     2 ||     2
Invok: Lunge             |       |       |     7 |    33 |    80 |   142 |   118 |    82 ||   462
       Whirlwind         |       |       |       |    66 |   131 |   240 |   222 |   197 ||   856
       Serpent's Lash    |       |       |       |       |     8 |    10 |     7 |     7 ||    32
       Heavenly Storm    |       |       |       |       |       |       |     2 |     5 ||     7
 Abil: Wall Jump         |       |       |       |       |     2 |       |       |       ||     2
Evoke: Wand              |       |       |       |     6 |     9 |    18 |    14 |     3 ||    50
       Box of beasts     |       |       |       |       |     1 |       |       |       ||     1
  Use: Scroll            |       |     4 |     4 |     8 |    14 |    14 |     4 |     8 ||    56
 Stab: Sleeping          |     3 |       |       |       |       |       |       |       ||     3
       Paralysed         |       |       |       |     7 |     2 |       |       |       ||     9
       Petrified         |       |       |       |       |     7 |       |       |       ||     7
       Confused          |       |       |       |       |       |    78 |    28 |     1 ||   107
       Distracted        |       |       |       |       |       |       |       |     3 ||     3
Armor: Leather armour    |    35 |    15 |       |       |       |       |       |       ||    50
       Chain mail        |       |    39 |   121 |       |       |       |       |       ||   160
       Plate armour      |       |       |   180 |   408 |   470 |   613 |   499 |   346 ||  2516
Dodge: Dodged            |    81 |    93 |   105 |   203 |   361 |   288 |   303 |   290 ||  1724
       Deflected         |       |       |       |       |       |       |       |    12 ||    12
Block: Other             |       |    36 |    49 |       |       |       |       |       ||    85
       Reflection        |       |       |    10 |    20 |    56 |    87 |   128 |    59 ||   360
       Shield            |       |       |   245 |   684 |  1154 |  1268 |  1363 |   802 ||  5516
       Rpst.: Scimitar   |       |       |     7 |    62 |    86 |     6 |       |       ||   161
       Double sword      |       |       |       |       |       |     7 |    47 |    52 ||   106
